 Dungeon Crawl Stone Soup version 0.29-a0-275-g389c0b56f3 (webtiles) character file.

Game seed: 17392021454731192901

1148 croobank the Chopper (level 8, -5/71 HPs)
             Began as a Hill Orc Fighter on Mar 10, 2022.
             Slain by an unseen horror (6 damage)
             ... on level 6 of the Dungeon.
             The game lasted 00:22:34 (6576 turns).

croobank the Chopper (Hill Orc Fighter)             Turns: 6576, Time: 00:22:35

Health: -5/71      AC: 11    Str: 21    XL:     8   Next: 38%
Magic:  8/8        EV:  9    Int: 11    God:
Gold:   326        SH:  0    Dex: 10    Spells: 7/7 levels left

rFire   . . .      SeeInvis .   i - +4 quarterstaff (chaos)
rCold   . . .      Faith    .   (shield currently unavailable)
rNeg    . . .      Spirit   .   b - +0 scale mail
rPois   .          Reflect  .   p - +1 helmet {Int+3}
rElec   .          Harm     .   o - +0 cloak
rCorr   .          Rampage  .   (no gloves)
Will    .....                   (no boots)
Stlth   ..........              (no amulet)
HPRegen 0.21/turn               (no ring)
MPRegen 0.11/turn               (no ring)

@: no status effects
A: no striking features
a: no special abilities


You were on level 6 of the Dungeon.
You visited 1 branch of the dungeon, and saw 6 of its levels.

You collected 326 gold pieces.

Inventory:

Hand Weapons
 a - a +0 war axe
 i - a +4 quarterstaff of chaos (weapon)
 r - a +0 dire flail of venom
 t - a +0 trident of venom
 y - a +2 long sword of holy wrath
Missiles
 j - 257 stones
 u - 16 poisoned darts (quivered)
Armour
 b - a +0 scale mail (worn)
 c - a +0 buckler
 o - a +0 cloak (worn)
 p - a +1 helmet of intelligence (worn)
 s - a +0 plate armour
 w - the +0 leather armour "Duntigg" {Dex+4}
   (You found it on level 3 of the Dungeon)

   Dex:       It affects your dexterity (+4).
 B - the +3 hat of Pondering {ponderous, Will+ MP+10 Int+5}
   (You found it on level 6 of the Dungeon)

   Int:       It affects your intelligence (+5).
   MP:        It affects your magic capacity (+10).
   Will:      It increases your willpower.
Magical Staves
 q - a staff of earth
Jewellery
 e - a ring of ice
Scrolls
 f - 2 scrolls of teleportation
 k - a scroll of noise
 A - 2 scrolls of torment {unknown}
Potions
 d - 3 potions of ambrosia
 h - a potion of lignification
 l - a potion of flight
 v - a potion of resistance {unknown}
 z - 2 potions of brilliance {unknown}
Miscellaneous
 g - a box of beasts (inert)


   Skills:
 + Level 6.8 Fighting
 + Level 6.8 Axes
 + Level 6.2 Armour
 + Level 6.2 Shields


You had 7 spell levels left.
You didn't know any spells.
Your spell library contained the following spells:

 Spells                   Type           Power      Damage    Failure   Level
 Beastly Appendage        Tmut           0%         N/A       65%         1
 Freeze                   Ice            0%         1d3       65%         1
 Wereblood                Tmut           0%         N/A       80%         2
 Conjure Flame            Conj/Fire      0%         6-21      95%         3
 Frozen Ramparts          Ice            0%         1d2       95%         3
 Ignite Poison            Fire/Tmut/Pois 0%         N/A       95%         3
 Spider Form              Tmut/Pois      0%         N/A       95%         3
 Cause Fear               Hex            0%         N/A       100%        4
 Hailstorm                Conj/Ice       0%         3d3       100%        4
 Sticky Flame             Conj/Fire      0%         2d3       100%        4
 Dragon Form              Tmut           0%         N/A       100%        7
 Malign Gateway           Summ/Tloc      0%         N/A       100%        7
 Summon Horrible Things   Summ           0%         N/A       100%        8
 Dragon's Call            Summ           0%         N/A       100%        9


Dungeon Overview and Level Annotations

Branches:
Dungeon (6/15)             Temple (0/1) D:6

Altars:
Trog


Message History

Deactivating autopickup; reactivate with Ctrl-A.
You closely miss something. Something hits you but does no damage.
Something hits you.
You sock something! You burn something. Something hits you.
Something hits you but does no damage. Something hits you.
No target in view!
Okay, then.
Something hits you.
You barely miss something. Something hits you but does no damage.
Something hits you.
You swing at nothing.
You swing at nothing.
You swing at nothing.
Something hits you but does no damage. Something hits you but does no damage.
Something hits you but does no damage. Something hits you but does no damage.
Something hits you but does no damage.
Okay, then.
As you read the scroll labelled YQARENWUIV, it crumbles to dust.
Wisps of shadow whirl around you...
It was a scroll of summoning.
Something hits you but does no damage. Something hits you.
You hit something.
Nothing appears to happen.
Something hits you! Something hits you. Something hits you!
* * * LOW HITPOINT WARNING * * *
You swap places.
Something hits your iguana. Something hits your bullfrog! Something hits you!
* * * LOW HITPOINT WARNING * * *
You feel better. Something hits you.
* * * LOW HITPOINT WARNING * * *
Something hits your iguana. Something hits you!
* * * LOW HITPOINT WARNING * * *
As you read the scroll labelled SIEQUAW NUDDI, it crumbles to dust.
You feel aware of your surroundings.
It was a scroll of magic mapping.
Something hits you but does no damage. Something hits you.
You die...

#.#.####......#+#,,,,,,,,,,,*,,,
##.#...........'.#,,,,,,,,,,,*,,,
...............#**,,,,,,,,,,,*,,,
.#.....#.#....## *,,,,,,,,,,,*,,,
.#.....#.#....# *,,,,,,,,,,,*,,,
.#.#.###.#....# *************,**
.#.#.# #.#....# ****,**
.#.#.###.#....#############,,,,,,
.#....##.#.....F@..........,**,**
...............l............#,,*
......##......#...#...#...#.#,**
.#...###.....#...#...#...#..#,*
.....###....#...#...#...#...#,*
....#..).....#...#...#...#..#,***
...##.##......#...#...#...#.#,**,
.......##...................#,**,
##.##..##...#...#...#...#)..#.#*,


You could see a friendly bullfrog (summoned) and a friendly iguana (summoned).

Vanquished Creatures
  A water moccasin (D:6)
  A sky beast (D:5)
  2 ogres
  A kobold brigand (D:6)
  2 phantoms
  A bullfrog (D:6)
  A scorpion (D:5)
  A howler monkey (D:6)
  2 hounds
  Crazy Yiuf (D:4)
  2 jellies
  An iguana (D:4)
  4 gnolls (D:3)
  9 adders
  2 ufetubi
  2 worms (D:2)
  A dart slug (D:5)
  10 orcs
  A ball python (D:4)
  6 endoplasms
  4 giant cockroaches
  10 goblins
  7 hobgoblins
  6 jackals
  6 quokkas
  5 bats
  3 frilled lizards
  6 kobolds
  7 rats
105 creatures vanquished.

Vanquished Creatures (collateral kills)
  2 orcs (D:6)
2 creatures vanquished.

Vanquished Creatures (others)
  3 fungi (D:4)
3 creatures vanquished.

Grand Total: 110 creatures vanquished

Notes
Turn   | Place    | Note
-------+----------+-------------------------------------------
     0 | D:1      | croobank the Hill Orc Fighter began the quest for the Orb.
     0 | D:1      | Reached XP level 1. HP: 19/19 MP: 1/1
    17 | D:1      | Found a faded altar of an unknown god.
   319 | D:1      | Reached XP level 2. HP: 27/27 MP: 2/2
  1263 | D:1      | Reached XP level 3. HP: 27/33 MP: 3/3
  1903 | D:2      | Reached XP level 4. HP: 29/40 MP: 4/4
  2779 | D:3      | Identified the +0 leather armour "Duntigg" {Dex+4}
  3010 | D:3      | Found a bloodstained altar of Trog.
  3035 | D:3      | Reached XP level 5. HP: 34/47 MP: 5/5
  4043 | D:4      | Noticed an ogre
  4056 | D:4      | Killed an ogre
  4057 | D:4      | Reached skill level 5 in Fighting
  4057 | D:4      | Reached XP level 6. HP: 32/56 MP: 6/6
  4590 | D:4      | Found a runed translucent door.
  4591 | D:4      | Noticed Crazy Yiuf
  4602 | D:4      | Killed Crazy Yiuf
  4603 | D:4      | Reached skill level 5 in Axes
  4708 | D:5      | Entered Level 5 of the Dungeon
  4832 | D:5      | Reached skill level 5 in Armour
  4832 | D:5      | Reached skill level 5 in Shields
  4852 | D:5      | Reached XP level 7. HP: 35/61 MP: 7/7
  5603 | D:6      | Noticed a two-headed ogre
  5688 | D:5      | Reached XP level 8. HP: 11/71 MP: 8/8
  6011 | D:6      | Found a staircase to the Ecumenical Temple.
  6365 | D:6      | Found the +3 hat of Pondering {ponderous, Will+ MP+10
                  | Int+5}
  6575 | D:6      | HP: 1/71 [something (12)]
  6576 | D:6      | Slain by an unseen horror

Illustrated notes

Levels and vault maps discovered:
D:1:      roderic_octagonal_star, layout_loops_corners, serial_aquarium,
          aquarium_bridge_square [aquarium_subvault_wall,
          aquarium_subvault_wall, aquarium_subvault_bridge,
          aquarium_subvault_bridge], aquarium_window_1,
          aquarium_window_corridor_3, aquarium_view_2b, aquarium_view_2b,
          aquarium_balcony_5b, aquarium_pool_five,
          hellmonk_ecumenical_altar_pennies_from_heaven
D:2:      layout_basic
D:3:      layout_loops_ring, trog_hazing_becter
D:4:      layout_layer_cave, minmay_surrounded, uniq_crazy_yiuf_cottage
D:5:      layout_cave_pools, kennysheep_decorative_pillar,
          hangedman_abyss_or_decor_passed
D:6:      cheibrodos_fzero, layout_basic, minmay_temple_entry_grid, fountainhead

Skill      XL: |  1  2  3  4  5  6  7  8 |
---------------+-------------------------+-----
Axes           | 3 4 5 6 |  6.8
Fighting       | 4 5 6 |  6.8
Shields        | 4 5 6 |  6.2
Armour         | 4 5 6 |  6.2

Action                   |  1- 3 |  4- 6 |  7- 9 || total
-------------------------+-------+-------+-------++-------
Melee: War axe           |   100 |   143 |     7 ||   250
       Quarterstaff      |       |       |    75 ||    75
Throw: Stone             |     2 |       |     2 ||     4
       Throwing net      |     1 |     1 |       ||     2
       Dart              |       |     9 |    15 ||    24
Evoke: Box of beasts     |       |       |     1 ||     1
  Use: Scroll            |     4 |     8 |     4 ||    16
       Potion            |       |     2 |     5 ||     7
 Stab: Confused          |       |       |     1 ||     1
Armor: Scale mail        |    44 |    61 |    64 ||   169
       Skin              |       |       |     4 ||     4
Dodge: Dodged            |    38 |    82 |    43 ||   163
Block: Buckler           |    20 |    28 |     2 ||    50

Table legend: (Time is in decaauts)
 A = Elapsed time spent in this place.
 B = Non-inter-level travel time spent in this place.
 C = Inter-level travel time spent in this place.
 D = Time resting spent in this place.
 E = Time spent auto-exploring this place.
 F = Levels seen in this place.
 G = Mean time per level.
                   A        B        C        D        E       F      G
               +--------+--------+--------+--------+--------+-----+--------+
         Total |   6702 |   6517 |    185 |    540 |   4525 |   6 | 1117.0 |
       Dungeon |   6702 |   6517 |    185 |    540 |   4525 |   6 | 1117.0 |
               +--------+--------+--------+--------+--------+-----+--------+

Top non-repeatable levels by time:
     D:1: 1695 daAuts
     D:4: 1183 daAuts
     D:2: 1135 daAuts
     D:5: 1054 daAuts
     D:3: 876 daAuts
     D:6: 756 daAuts
